 Dungeon Crawl Stone Soup version 0.29-a0-113-g078de9bc30 (webtiles) character file.

Game seed: 1051888431392954037

228 cyrus the Covered (level 6, -15/38 HPs)
             Began as a Gargoyle Fighter on Feb 18, 2022.
             Was a Believer of Ashenzari.
             Demolished by Crazy Yiuf (16 damage)
             ... on level 4 of the Dungeon on Feb 19, 2022.
             The game lasted 00:11:07 (3949 turns).

cyrus the Covered (Gargoyle Fighter)                Turns: 3949, Time: 00:11:08

Health: -15/38     AC: 17    Str: 20    XL:     6   Next: 2%
Magic:  6/6        EV:  9    Int: 10    God:    Ashenzari [**....]
Gold:   149        SH:  5    Dex:  9    Spells: 5/5 levels left

rFire   . . .      SeeInvis +   a - +0 flail "Regret of the Cosmos" {Melee, Evo} (curse)
rCold   . . .      Faith    .   c - +1 buckler of Ashenzari's Cynicism {Bglg, Comp} (curse)
rNeg    + . .      Spirit   .   b - +0 scale mail "Visionary Embarrassment" {Melee, Bglg} (curse)
rPois   ∞          Reflect  .   (no helmet)
rElec   +          Harm     .   (no cloak)
rCorr   .          Rampage  .   g - +2 pair of gloves
Will    .....                   l - +1 pair of boots
Stlth   ..........              (no amulet)
HPRegen 0.12/turn               j - +4 ring of slaying
MPRegen 0.10/turn               (no ring)

@: no status effects
A: sickness immunity, AC +4, negative energy resistance 1, electricity
resistance, torment resistance 1, petrification resistance
a: Renounce Religion, Shatter the Chains


You were on level 4 of the Dungeon.
You worshipped Ashenzari.
Ashenzari was pleased with you.
You visited 1 branch of the dungeon, and saw 4 of its levels.

You collected 149 gold pieces.

Inventory:

Hand Weapons
 a - the cursed +0 flail "Regret of the Cosmos" (weapon) {Melee, Evo}

   It has a curse which improves the following skills: Melee Combat: Short
   Blades, Long Blades, Axes, Maces & Flails, Polearms, Staves and Unarmed
   Combat.
   Evocations: Evocations.
 k - a +0 short sword
Armour
 b - the cursed +0 scale mail "Visionary Embarrassment" (worn) {Melee, Bglg}

   It has a curse which improves the following skills: Melee Combat: Short
   Blades, Long Blades, Axes, Maces & Flails, Polearms, Staves and Unarmed
   Combat.
   Beguiling: Conjurations, Hexes and Translocations.
 c - the cursed +1 buckler of Ashenzari's Cynicism (worn) {Bglg, Comp}

   It has a curse which improves the following skills: Beguiling: Conjurations,
   Hexes and Translocations.
   Companions: Summonings and Necromancy.
 g - a +2 pair of gloves (worn)
 l - a +1 pair of boots (worn)
Jewellery
 d - a ring of ice
 j - a +4 ring of slaying (left hand)
 m - a ring of see invisible
 s - a ring of flight
Scrolls
 h - 3 scrolls of identify
 n - a scroll of blinking
 q - a scroll of teleportation
Potions
 e - a potion of curing
 f - a potion of attraction
 i - a potion of invisibility
 o - a potion of brilliance
 p - 2 potions of heal wounds
 r - 2 potions of mutation (quivered)
 t - a potion of flight


   Skills:
 + Level 4.0 Fighting
 + Level 3.6(5.3) Maces & Flails
 + Level 4.4 Armour
 + Level 1.3 Dodging
 + Level 1.0 Stealth
 + Level 4.2 Shields


You had 5 spell levels left.
You didn't know any spells.
Your spell library contained the following spells:

 Spells                   Type           Power      Damage    Failure   Level
 Freeze                   Ice            0%         1d3       80%         1


Dungeon Overview and Level Annotations

Branches:
Dungeon (4/15)
 Temple: D:4-7

Altars:
Ashenzari

Annotations:
D:4 Crazy Yiuf


Innate Abilities, Weirdness & Mutations

You are immune to sickness and miasma.
Your stone body is resilient. (AC +4)
You are immune to poison.
You resist negative energy. (rN+)
You are resistant to electric shocks. (rElec)
You are resistant to unholy torment.
You are immune to petrification.


Message History

t - a potion of flight
Found a +0 mace.
Things that are here:
a +0 club; a +0 leather armour; an orc corpse You see here 25 arrows.
There is a stone staircase leading down here.
You see here a +0 mace.
Found a +5 mace.
Found a runed translucent door.
Crazy Yiuf shouts!
You open the door. You closely miss Crazy Yiuf.
Crazy Yiuf completely misses you.
You barely miss Crazy Yiuf. Crazy Yiuf closely misses you.
You sock Crazy Yiuf!
Crazy Yiuf is heavily wounded.
Crazy Yiuf cries, "Whiteboard ragdoll head!"
Crazy Yiuf hits you but does no damage. Crazy Yiuf closely misses you.
You closely miss Crazy Yiuf.
Crazy Yiuf is heavily wounded.
Crazy Yiuf hits you but does no damage.
You hit Crazy Yiuf.
Crazy Yiuf is almost dead.
Crazy Yiuf hits you with a +3 quarterstaff of chaos.
You suddenly lose the ability to move!
Crazy Yiuf hits you with a +3 quarterstaff of chaos.
Space warps around you.
Crazy Yiuf hits you with a +3 quarterstaff of chaos.
Crazy Yiuf hits you with a +3 quarterstaff of chaos!
Crazy Yiuf freezes you. Crazy Yiuf completely misses you.
Crazy Yiuf hits you with a +3 quarterstaff of chaos!
* * * LOW HITPOINT WARNING * * *
Crazy Yiuf laughs, "Lay illywillydillykilly noodlescoop!"
Crazy Yiuf hits you but does no damage.
You can move again.
You barely miss Crazy Yiuf.
Crazy Yiuf is almost dead.
Crazy Yiuf hits you with a +3 quarterstaff of chaos!
* * * LOW HITPOINT WARNING * * *
Space warps horribly around you!
You die...

..............####.#..##
.....................<.#
.....................###
........##############
........#
.......>#######
.......#....#.###* ###
....#.#...)..#..##...#
....##...)..####@g...#
..........### ###..)#
.......#### * ### ...#..
...##. .. ## * * , * , ,
,, * , *


You could see Crazy Yiuf.

Vanquished Creatures
  An orc priest (D:4)
  3 gnolls (D:3)
  6 adders
  4 worms
  3 dart slugs
  11 orcs
  3 bats
  9 endoplasms
  4 giant cockroaches
  9 goblins
  7 hobgoblins
  4 jackals (D:3)
  A quokka (D:2)
  9 ball pythons
  2 frilled lizards
  7 kobolds
  6 rats
89 creatures vanquished.

Vanquished Creatures (others)
  A fungus (D:1)
1 creature vanquished.

Grand Total: 90 creatures vanquished

Notes
Turn   | Place    | Note
-------+----------+-------------------------------------------
     0 | D:1      | cyrus the Gargoyle Fighter began the quest for the Orb.
     0 | D:1      | Reached XP level 1. HP: 14/14 MP: 1/1
     0 | D:1      | Upgraded the game from 0.29-a0-111-gbaf749a769 to
                  | 0.29-a0-113-g078de9bc30
    82 | D:1      | Reached XP level 2. HP: 19/19 MP: 2/2
   582 | D:1      | Found a faded altar of an unknown god.
   596 | D:1      | Got Plato's Incunabulum of Snow
   597 | D:1      | Prayed at the altar of an unknown god.
   597 | D:1      | Became a worshipper of Ashenzari the Shackled
  1198 | D:2      | Reached XP level 3. HP: 21/24 MP: 3/3
  1410 | D:2      | Reached skill level 1 in Stealth
  1543 | D:2      | Reached * piety under Ashenzari
  1585 | D:2      | Reached XP level 4. HP: 16/29 MP: 4/4
  2545 | D:3      | Reached XP level 5. HP: 21/33 MP: 5/5
  3027 | D:3      | Reached ** piety under Ashenzari
  3788 | D:4      | Reached skill level 1 in Dodging
  3806 | D:4      | Reached XP level 6. HP: 31/38 MP: 6/6
  3933 | D:4      | Found a runed translucent door.
  3934 | D:4      | Noticed Crazy Yiuf
  3942 | D:4      | Paralysed by Crazy Yiuf for 7 turns
  3949 | D:4      | HP: 1/38 [Crazy Yiuf (8)]
  3949 | D:4      | Demolished by Crazy Yiuf

Illustrated notes

Levels and vault maps discovered:
D:1:      amcnicky_arrival_underground_garden, layout_loops_corners,
          shapermc_ecumenical_altar_rom_forum
D:2:      layout_rooms, nicolae_wormholes
D:3:      layout_rooms, nicolae_figureground_sparkle
D:4:      layout_cave_pools, minmay_surrounded, uniq_blork_the_orc,
          uniq_crazy_yiuf_cottage

Skill      XL: |  1  2  3  4  5 |
---------------+----------------+-----
Armour         | 4 |  4.4
Stealth        | 1 |  1.0
Maces & Flails | 3 |  3.6
Fighting       | 4 |  4.0
Shields        | 4 |  4.2
Dodging        | 1 |  1.3

Action                   |  1- 3 |  4- 6 || total
-------------------------+-------+-------++-------
Melee: Flail             |   113 |   166 ||   279
Invok: Curse Item        |     2 |     1 ||     3
  Use: Scroll            |       |     2 ||     2
       Potion            |       |     1 ||     1
Armor: Scale mail        |    65 |   130 ||   195
Dodge: Dodged            |    46 |   103 ||   149
Block: Buckler           |    30 |    57 ||    87

Table legend: (Time is in decaauts)
 A = Elapsed time spent in this place.
 B = Non-inter-level travel time spent in this place.
 C = Inter-level travel time spent in this place.
 D = Time resting spent in this place.
 E = Time spent auto-exploring this place.
 F = Levels seen in this place.
 G = Mean time per level.
                   A        B        C        D        E       F      G
               +--------+--------+--------+--------+--------+-----+--------+
         Total |   4020 |   3902 |    118 |   1268 |   1689 |   4 | 1005.0 |
       Dungeon |   4020 |   3902 |    118 |   1268 |   1689 |   4 | 1005.0 |
               +--------+--------+--------+--------+--------+-----+--------+

Top non-repeatable levels by time:
     D:3: 1621 daAuts
     D:1: 1210 daAuts
     D:2: 966 daAuts
     D:4: 221 daAuts
